 Dungeon Crawl Stone Soup version 0.19-a0-1511-g16f215b (webtiles) character file.

429 Leszczynek the Cutter (level 6, -2/36 HPs)
             Began as a Deep Elf Monk on Sept 11, 2016.
             Slain by an ogre
             ... wielding a +0 giant club
              (19 damage)
             ... on level 5 of the Dungeon.
             The game lasted 00:16:44 (3153 turns).

Leszczynek the Cutter (Deep Elf Monk)               Turns: 3153, Time: 00:16:44

Health: -2/36      AC:  9    Str: 10    XL:     6   Next: 66%
Magic:  8/8        EV: 13    Int: 15    God:
Gold:   147        SH:  0    Dex: 17    Spells: 0 memorised, 5 levels left

rFire  . . .     SeeInvis .     a - +0 short sword
rCold  . . .     Gourm    .     h - +0 ring mail
rNeg   . . .     Faith    .     (no shield)
rPois  .         Spirit   .     (helmet restricted)
rElec  .         Dismiss  .     (no cloak)
rCorr  .         Reflect  .     (no gloves)
MR     .....     Harm     .     (no boots)
Stlth  ++........               (no amulet)
                                (no ring)
                                i - +4 ring of protection

@: no status effects
A: horns 2, wild magic 1
a: no special abilities


You were on level 5 of the Dungeon.
You were hungry.

You visited 1 branch of the dungeon, and saw 5 of its levels.

You collected 147 gold pieces.

Inventory:

Hand Weapons
 a - a +0 short sword (weapon)
 w - a +0 dagger of holy wrath
Missiles
 r - 57 arrows
Armour
 b - a +0 robe
 h - a +0 ring mail (worn)
Jewellery
 i - a +4 ring of protection (left hand)
Scrolls
 e - a scroll of remove curse
 f - a scroll of blinking
 m - a scroll of fear
 o - 2 scrolls of identify
 q - a scroll of recharging {unknown}
 t - a scroll of fog {unknown}
 u - a scroll of enchant weapon {unknown}
 x - a scroll of noise {unknown}
 y - a scroll of enchant armour {unknown}
 z - a scroll of teleportation
Potions
 c - a potion of heal wounds
 k - 2 potions of flight
 l - 3 potions of curing
 n - a potion of might
 p - 3 potions of cancellation
 s - a potion of haste
Comestibles
 d - 5 bread rations
 g - 4 meat rations
 j - 3 beef jerkies
 B - 6 chunks of flesh


   Skills:
 - Level 2.4 Fighting
 * Level 6.5 Short Blades
 + Level 5.9 Dodging
 - Level 2.4 Stealth


You had 5 spell levels left.
You didn't know any spells.

Dungeon Overview and Level Annotations

Branches:
Dungeon (5/15)
 Temple: D:4-7

Altars:

Annotations:
D:3 exclusion: downstairs
D:4 exclusion: 2 orc wizards, Xiguana's ghost, amateur DsCK


Innate Abilities, Weirdness & Mutations

You have a pair of horns on your head.
Your spells are a little harder to cast, but a little more powerful.


Message History

You aren't carrying any items that you can evoke.
You close the door.
Some of the chunks of flesh in your inventory have rotted away.
As you close the door, it creaks loudly!
You are feeling hungry.
The ogre shouts!
The ogre misses you.
You completely miss the ogre.
Throwing (i - inventory):
v - a throwing net (quivered)
Press: ? - help, Shift-Dir - straight line, f - ogre
Aim: an ogre, wielding a giant club You throw a throwing net.
The throwing net barely misses the ogre.
The ogre hits you with a giant club!!
Ouch! That really hurt!
You hit the ogre.
The ogre is lightly wounded.
The ogre hits you with a giant club!!
Ouch! That really hurt!
You die...

## #. ##### ########## #. ....#
#(........ # ###.# #.##.###.# #.#
# ### #.# ..# #O# .. #@# # .. #.#
'# .# #.# ## ... ###.# #.####.##
.... # ##.#.# #.....#.###.......
####..<.##########....###......O.
hJ......................+........
###......#########....###........
# #.#.#..# ##.#.# #.......


You could see an ogre.

Vanquished Creatures
  Menkaure (D:5)
  2 hounds
  Natasha (thrice) (D:3)
  An orc wizard (D:5)
  A worker ant (D:5)
  6 adders
  An ooze (D:4)
  2 worms
  A dart slug (D:3)
  3 giant geckos
  5 orcs
  A ball python (D:3)
  3 bats
  2 giant cockroaches (D:3)
  5 hobgoblins
  5 jackals
  2 quokkas
  5 giant newts
  3 goblins
  A jackal zombie (D:5)
  3 kobolds
  9 rats
65 creatures vanquished.

Notes
Turn   | Place    | Note
-------+----------+-------------------------------------------
     0 | D:1      | Leszczynek the Deep Elf Monk began the quest for the Orb.
     0 | D:1      | Reached XP level 1. HP: 13/13 MP: 3/3
   456 | D:2      | Reached skill level 4 in Dodging
   456 | D:2      | Reached XP level 2. HP: 13/18 MP: 4/4
   771 | D:2      | Noticed a moth of wrath
   907 | D:1      | Reached XP level 3. HP: 22/22 MP: 5/5
   939 | D:2      | Reached skill level 4 in Short Blades
  1081 | D:3      | Noticed Natasha
  1110 | D:3      | Killed Natasha
  1115 | D:3      | Noticed Natasha
  1115 | D:3      | Reached XP level 4. HP: 26/27 MP: 6/6
  1131 | D:3      | Killed Natasha
  1135 | D:3      | Noticed Natasha
  1135 | D:3      | are you serious
  1135 | D:3      | 3 times in a row
  1158 | D:3      | Killed Natasha
  1325 | D:3      | Reached skill level 5 in Short Blades
  1418 | D:3      | Reached XP level 5. HP: 31/31 MP: 7/7
  1696 | D:3      | Reached skill level 5 in Dodging
  2066 | D:4      | Noticed Xiguana's ghost (amateur DsCK)
  2120 | D:4      | Gained mutation: You have a pair of small horns on your head. [potion of mutation]
  2120 | D:4      | Gained mutation: Your spells are a little harder to cast, but a little more powerful. [potion of mutation]
  2120 | D:4      | Gained mutation: You have a pair of horns on your head. [potion of mutation]
  2433 | D:5      | Entered Level 5 of the Dungeon
  2532 | D:5      | Noticed Menkaure
  2533 | D:5      | great
  2537 | D:5      | Killed Menkaure
  2537 | D:5      | Reached skill level 6 in Short Blades
  2537 | D:5      | Reached XP level 6. HP: 16/36 MP: 8/8
  3153 | D:5      | Slain by an ogre

Vault maps used:
D:1:      erik_arrival_blinker_ship
D:2:      tgw_trog
D:3:      uniq_natasha
D:4:      first_bread
D:5:      uniq_menkaure

Skill      XL: |  1  2  3  4  5 |
---------------+----------------+-----
Dodging        | 4 5 |  5.9
Short Blades   | 4 5 6 |  6.5
Fighting       | |  2.4
Stealth        | |  2.4

Action                   |  1- 3 |  4- 6 || total
-------------------------+-------+-------++-------
Melee: Short sword       |   119 |   193 ||   312
       Headbutt          |       |    15 ||    15
Throw: Throwing net      |       |     1 ||     1
  Use: Potion            |     2 |     4 ||     6
       Scroll            |       |     8 ||     8
 Stab: Sleeping          |       |     4 ||     4
  Eat: Chunk             |     1 |     8 ||     9
Armor: Ring mail         |    47 |    55 ||   102
Dodge: Dodged            |    63 |    95 ||   158
